Map: Winter's Gate LE

Players

Cyan

  • Race: Protoss Protoss
  • Spawn Location: 5:00

Harstem - Winner!

  • Race: Protoss Protoss
  • Spawn Location: 11:00

VOD

Have the link to the VOD?

Description

Time

  • Played on: Sept. 7, 2019, 11:04 a.m.
  • Length: 14:23
Show
View Real Time Build Order
Export as new Build Order

Cyan Protoss 

Build Orders: Blink Stalkers, Zealot Archon 

Get SALT Encoding   

  12  0:00  Probe  
  13  0:13  Probe  
  14  0:18  Pylon  
  14  0:24  Probe  
  15  0:32  Probe  
  15  0:38  Gateway  
  15  0:40  Probe  
  16  0:46  Assimilator  
  17  0:51  Probe  
  17  0:54  Assimilator  
  18  0:59  Probe  
  19  1:07  Probe  
  19  1:12  Gateway  
  19  1:17  Probe  
  21  1:26  Cybernetics Core  
  21  1:29  Probe  
  22  1:34  Pylon  
  22  1:41  Probe  
  23  1:54  Probe  
  24  2:02  Stalker  
  24  2:03  Warp Gate, Sentry  
  24  2:06  Probe  
  29  2:13  Pylon  
  29  2:29  Stalker  
  31  2:35  Probe  
  32  2:40  Stalker  
  34  2:51  Nexus  
  34  2:59  Sentry  
  34  3:05  Shield Battery  
  36  3:08  Probe  
  37  3:17  Pylon  
  37  3:23  Shield Battery  
  37  3:27  Twilight Council  
  37  3:29  Probe  
  38  3:35  Shield Battery  
  38  3:40  Probe  
  37  3:45  Blink  
  37  3:48  Probe  
  38  3:52  Stalker x2  
  43  3:56  Probe  
  43  4:00  Pylon  
  44  4:04  Shield Battery  
  44  4:08  Probe  
  43  4:20  Stalker  
  45  4:24  Stalker  
  45  4:26  Probe  
  45  4:29  Probe  
  45  4:42  Probe  
  45  4:43  Probe  
  47  4:48  Stalker  
  49  4:53  Stalker  
  49  4:54  Probe  
  49  4:55  Probe  
  53  5:06  Probe  
  54  5:07  Probe  
  54  5:09  Stalker  
  57  5:16  Stalker  
  57  5:18  Probe  
  57  5:19  Probe  
  61  5:24  Pylon  
  61  5:30  Probe  
  61  5:31  Probe  
  61  5:33  Assimilator  
  63  5:35  Assimilator  
  63  5:37  Stalker  
  63  5:38  Pylon  
  66  5:42  Probe  
  66  5:43  Probe  
  66  5:44  Stalker  
  69  5:52  Forge  
  69  5:55  Probe  
  69  5:56  Probe  
  71  6:07  Probe, Charge  
  71  6:08  Forge, Probe  
  73  6:11  Gateway  
  73  6:17  Protoss Ground Weapons Level 1  
  73  6:19  Probe  
  73  6:23  Templar Archives  
  74  6:29  Protoss Ground Armor Level 1  
  74  6:34  Gateway  
  74  6:35  Gateway  
  74  6:39  Gateway  
  74  6:41  Robotics Facility  
  74  6:46  Pylon  
  74  6:56  Gateway  
  74  6:59  Gateway  
  71  7:15  Probe x2  
  71  7:21  Warp Prism  
  72  7:26  Nexus  
  72  7:31  High Templar x2  
  72  7:35  Zealot x2  
  72  7:36  Archon  
  82  7:44  High Templar x2  
  86  7:49  Archon  
  86  7:53  Photon Cannon  
  86  7:54  Photon Cannon  
  86  7:57  Pylon  
  86  8:03  Pylon x2  
  86  8:14  Pylon  
  86  8:15  Observer, High Templar x2  
  89  8:20  Zealot x2  
  89  8:21  Archon  
  89  8:25  Zealot x2  
  89  8:27  Zealot x2  
  101  8:40  High Templar x2  
  103  8:45  Archon  
  103  8:46  Zealot x2  
  105  8:49  Zealot x3  
  105  8:54  Zealot  
  113  9:07  High Templar x2  
  113  9:11  Archon  
  113  9:12  Zealot x2  
  95  9:19  Protoss Ground Armor Level 2, Protoss Ground Weapons Level 2  
  95  9:21  Zealot x2  
  95  9:24  Zealot x2  
  85  9:35  Zealot x2  
  67  9:43  Zealot x3  
  70  9:52  Zealot  
  70  9:53  Zealot  
  70  9:59  Probe x2  
  74  10:00  Probe  
  74  10:02  High Templar  
  74  10:05  High Templar  
  78  10:09  Archon  
  78  10:11  Probe  
  78  10:12  Zealot  
  81  10:15  Zealot x2  
  81  10:19  Zealot  
  87  10:26  High Templar  
  87  10:27  High Templar  
  91  10:31  Archon  
  91  10:34  Shield Battery, Zealot  
  93  10:54  High Templar x2  
  97  10:57  Zealot x4  
  97  11:01  Archon  
  105  11:07  Zealot x2  
  105  11:10  Pylon  
  109  11:11  Pylon  
  109  11:12  Photon Cannon  
  109  11:21  Zealot x4  
  109  11:23  Shield Battery  
  117  11:28  High Templar x2  
  117  11:31  Zealot x2  
  125  11:35  Archon  
  125  11:46  Pylon  
  125  11:49  High Templar x2, Zealot x2  
  133  11:54  Zealot x2, Archon  
  133  12:01  Pylon  
  137  12:07  Zealot  
  137  12:08  Zealot  
  141  12:11  Zealot  
  141  12:12  Zealot x2  
  147  12:15  High Templar  
  147  12:17  High Templar  
  147  12:18  Zealot  
  147  12:22  Archon  
  135  12:31  Zealot  
  135  12:32  Zealot x4  
  101  12:39  Zealot x2  
  85  12:48  Zealot  
  61  13:03  Zealot x5, High Templar x2  
  71  13:07  Archon  
  71  13:10  Shield Battery  
  71  13:11  Shield Battery x2  
  71  13:13  Shield Battery  
  71  13:16  High Templar  
  73  13:21  Probe x3  
  73  13:22  Assimilator  
  73  13:24  High Templar, Sentry  
  73  13:26  Assimilator  
  80  13:30  Archon  
  80  13:33  Probe  
  77  13:36  Zealot  
  77  13:37  Zealot x3  
  85  13:48  High Templar  
  85  13:49  High Templar  
  85  13:50  Zealot  
  85  13:54  Archon  
  90  13:59  Zealot  
  90  14:00  Zealot x3  
  90  14:01  Zealot  
  72  14:11  Zealot  
Show
View Real Time Build Order
Export as new Build Order

Harstem Protoss - Winner!

Build Orders: Oracle Opening 

Get SALT Encoding   

  12  0:00  Probe  
  13  0:13  Probe  
  14  0:17  Pylon  
  14  0:24  Probe  
  15  0:32  Probe  
  15  0:37  Gateway  
  15  0:40  Probe  
  16  0:47  Assimilator  
  17  0:51  Probe  
  17  0:56  Assimilator  
  18  1:00  Probe  
  19  1:08  Gateway, Probe  
  19  1:17  Probe  
  20  1:24  Cybernetics Core  
  21  1:29  Probe  
  22  1:35  Pylon  
  22  1:41  Probe  
  23  1:54  Probe  
  24  2:01  Stargate  
  24  2:03  Adept  
  24  2:05  Adept  
  28  2:14  Warp Gate  
  28  2:19  Pylon, Probe  
  29  2:32  Probe  
  29  2:34  Oracle  
  32  2:59  Nexus  
  32  3:03  Oracle  
  32  3:16  Probe  
  36  3:24  Pylon, Stalker  
  38  3:28  Probe  
  39  3:42  Probe  
  39  3:44  Stalker  
  42  3:54  Shield Battery  
  42  3:55  Probe  
  43  4:03  Robotics Facility  
  43  4:04  Pylon  
  43  4:12  Probe  
  44  4:24  Probe  
  44  4:30  Probe  
  45  4:32  Probe, Sentry, Stalker  
  45  4:38  Probe  
  47  4:40  Probe  
  49  4:47  Probe  
  49  4:49  Forge  
  49  4:50  Probe  
  52  4:52  Observer  
  52  4:56  Pylon  
  52  4:59  Probe  
  53  5:02  Twilight Council  
  53  5:03  Probe  
  53  5:04  Immortal  
  55  5:18  Assimilator  
  55  5:20  Zealot  
  55  5:21  Zealot  
  62  5:26  Shield Battery  
  62  5:30  Shield Battery  
  62  5:34  Probe  
  63  5:37  Probe  
  64  5:44  Immortal  
  64  5:46  Probe  
  64  5:49  Probe  
  70  5:59  Pylon, Charge  
  70  6:03  Pylon  
  70  6:04  Pylon, Protoss Ground Weapons Level 1  
  70  6:05  Assimilator  
  70  6:17  Probe x2  
  72  6:19  Phoenix  
  72  6:26  Gateway  
  72  6:28  Gateway  
  72  6:29  Immortal, Probe  
  73  6:34  Gateway x2  
  77  6:52  Gateway  
  77  6:53  Pylon  
  77  6:54  Gateway  
  77  7:03  Observer  
  77  7:18  Warp Prism  
  77  7:19  Templar Archives  
  77  7:21  Zealot x3  
  85  7:32  Nexus  
  85  7:34  Pylon  
  85  7:39  Pylon  
  85  7:56  High Templar x4  
  85  7:57  Zealot x2  
  85  7:58  Zealot x2  
  101  8:01  Archon x2  
  101  8:04  Protoss Ground Weapons Level 2  
  99  8:23  Probe  
  100  8:27  Pylon  
  100  8:28  High Templar  
  100  8:29  Zealot x4, High Templar  
  100  8:33  Archon  
  101  8:50  Zealot x2, High Templar x2  
  101  8:51  Zealot x2  
  101  8:54  Archon  
  111  9:02  Zealot x2  
  115  9:16  Zealot x4  
  92  9:20  Probe  
  92  9:23  Zealot x4  
  97  9:26  Probe  
  88  9:36  Probe  
  72  9:40  Zealot x4  
  66  9:45  Probe  
  66  9:46  Probe  
  68  9:55  High Templar x3  
  68  9:56  High Templar  
  68  9:58  Warp Prism  
  72  10:04  Archon  
  72  10:05  Archon  
  72  10:06  High Templar  
  72  10:07  Zealot x2, High Templar  
  70  10:13  Protoss Ground Weapons Level 3, Archon  
  76  10:23  Immortal  
  76  10:27  Zealot x3  
  82  10:29  Sentry  
  82  10:31  Zealot  
  82  10:35  Shield Battery  
  88  10:52  Zealot x4  
  96  10:57  Immortal  
  96  11:08  Zealot x4  
  108  11:11  Assimilator  
  108  11:15  Assimilator  
  108  11:19  Zealot x2  
  112  11:27  Probe x2  
  112  11:30  Immortal, Photon Cannon  
  114  11:36  Probe  
  119  11:42  Robotics Bay  
  119  11:44  High Templar x2  
  123  11:48  Archon  
  123  11:49  Shield Battery  
  123  11:52  Shield Battery  
  123  11:59  Pylon  
  121  12:03  Stalker x2  
  121  12:04  Stalker  
  127  12:10  High Templar x2  
  127  12:11  Zealot  
  127  12:15  Archon  
  133  12:16  Zealot x2  
  133  12:20  Pylon  
  137  12:28  Zealot x3  
  137  12:35  Zealot  
  105  12:40  Zealot x2  
  105  12:42  Probe  
  105  12:43  Probe  
  94  12:48  Zealot x2  
  90  12:53  Probe  
  91  13:00  High Templar x3  
  91  13:01  High Templar  
  91  13:03  Observer, Probe  
  100  13:06  Pylon, Archon x2  
  100  13:11  Zealot x3  
  100  13:12  Probe, Zealot  
  110  13:21  Probe  
  110  13:23  Photon Cannon  
  111  13:44  High Templar x4  
  111  13:45  Zealot x4  
  127  13:48  Archon  
  127  13:50  Archon  
  101  14:10  Zealot x4  
  110  14:19  Zealot x4  
Tags
 
Add a new tag
Caveats
  • Supply blocks, unpowered buildings, or Contaminate may cause inaccurate times.
  • Supply counts are checked every 10 seconds.